 Dungeon Sprint DCSS version 0.17-a0-1133-gfb1399f (webtiles) character file.

1570 esc the Martial Artist (level 8, 0/66 HPs)
             Began as an Octopode Transmuter on May 25, 2015.
             Was an Elder of Makhleb.
             Slain by a seven-headed hydra (9 damage)
             ... in the Dungeon (Sprint IX: "|||||||||||||||||||||||||||||").
             The game lasted 00:07:20 (880 turns).

esc the Martial Artist (Octopode Transmuter)         Turns: 880, Time: 00:07:20

Health: 0/66       AC:  6    Str:  9    XL:     8   Next: 90%
Magic:  12/15      EV: 13    Int: 17    God:    Makhleb [****..]
Gold:   0          SH:  0    Dex: 19    Spells: 4 memorised, 5 levels left

rFire  x . .     SeeInvis .       - Unarmed
rCold  + + +     Clarity  .     (shield currently unavailable)
rNeg   . . .     SustAt   .     (helmet currently unavailable)
rPois  +         Gourm    .     (no amulet)
rElec  .         Spirit   .     p - +3 ring of dexterity
rCorr  .         Warding  .     q - +3 ring of dexterity
rMut   .         NoTele   +     (no ring)
MR     .....                    (no ring)
Stlth  ++........               (no ring)
                                (no ring)
                                (no ring)
                                (no ring)

@: ice-form, hasted, very quick, not resistant to hostile enchantments,
unstealthy
A: almost no armour, amphibious, 8 rings, (constrict 8), (camouflage 0),
(gelatinous body 0)
a: End Transformation, Minor Destruction, Lesser Servant of Makhleb, Major
Destruction, Renounce Religion


You were in the Dungeon.
You worshipped Makhleb.
Makhleb was greatly pleased with you.
You were not hungry.
You were a creature of crystalline ice.
You visited 1 branch

Inventory:

Missiles
 a - 4 arrows
 c - a throwing net {=f, !d}
Magical staves
 n - an uncursed staff of energy {@w1+MP, hungerless spells, !d!a}
   (You found it in the Dungeon)
Jewellery
 p - a +3 ring of dexterity (left front paw)
   (You found it in the Dungeon)
 q - a +3 ring of dexterity (right front paw)
   (You found it in the Dungeon)
Magical devices
 o - a wand of cold (3)
   (You found it in the Dungeon)
Scrolls
 i - 3 scrolls of blinking {!r}
 l - 3 scrolls of remove curse
 m - 2 scrolls of amnesia
 s - 4 scrolls of enchant armour
 t - 4 scrolls of enchant weapon
Potions
 d - 7 potions of curing
 e - 2 potions of heal wounds
 f - a potion of haste
 g - 4 potions of magic
 h - a potion of berserk rage {!q}
 j - 2 potions of brilliance
 k - 2 potions of agility
Books
 b - a book of Changes


   Skills:
 + Level 5.0 Fighting
 - Level 4.3 Staves
 + Level 5.4 Dodging
 + Level 11.5 Unarmed Combat
 + Level 5.0 Spellcasting
 - Level 11.2 Transmutations
 + Level 5.4 Invocations


You had 5 spell levels left.
You knew the following spells:

 Your Spells              Type           Power        Failure   Level  Hunger
a - Beastly Appendage     Trmt           #####.       1%          1    None
b - Ice Form              Ice/Trmt       ###.....     17%         4    ####...
s - Sticks to Snakes      Trmt           #####.....   1%          2    #......
x - Blade Hands           Trmt           #####.....   4%          5    ######.


Dungeon Overview and Level Annotations

Branches:
Dungeon (1/1)

Altars:
Cheibriados
Dithmenos
Elyvilon
Fedhas
Gozag
Kikubaaqudgha
Makhleb
Nemelex Xobeh
Okawaru
Qazlal
Ru
Sif Muna
Trog
Vehumet
Xom
Yredelemnul
Zin
The Shining One
Beogh
Jiyva
Lugonu


Innate Abilities, Weirdness & Mutations

You cannot wear most types of armour.
You are amphibious.
You can wear up to eight rings at the same time.
((You can use your tentacles to constrict eight enemies at once.))
((Your skin changes colour to match your surroundings (Stealth).))
((Your rubbery body absorbs attacks (AC +1).))


Message History

Unknown command.
You see here a basilisk corpse.
You butcher the basilisk corpse.
You see here an inedible chunk of flesh {@w0}.
There is an open door, spattered with blood here.
You see here an iguana corpse.
You butcher the iguana corpse.
j - 3 chunks of flesh {@w0}
There is an open door, spattered with blood here.
Your tentacles revert to their normal proportions.
You see here an inedible chunk of flesh {@w0}.
You open the door.
There is an open door here.
All of the chunks of flesh in your inventory have rotted away.
You open the door.
There is an open door here.
j - 2 potions of brilliance Health restored: 55; MP restored: 15
k - 2 potions of agility
f - 2 potions of haste (gained 1)
e - 5 potions of heal wounds (gained 2)
d - 7 potions of curing (gained 2)
You see here a scroll of random uselessness.
r - a +1 trident of flaming You drop a +1 trident of flaming.
r - a royal jelly
i - 3 scrolls of blinking {!r} (gained 1)
s - 2 scrolls of enchant armour
t - 2 scrolls of enchant weapon
t - 4 scrolls of enchant weapon (gained 2)
s - 4 scrolls of enchant armour (gained 2)
Okay, then.
Okay, then.
You open the door.
A komodo dragon, a crocodile, 2 hydras, a hippogriff and a giant frog come into view.
The hippogriff screeches!
The seven-headed hydra roars!
Okay, then.
The giant frog croaks.
The seven-headed hydra roars!
The crocodile closely misses you.
You see here a +1 trident of flaming.
You see here a scroll of random uselessness.
You are feeling hungry.
There is an open door here.
You close the door.
Eat which item? (? for menu, Esc to quit)
You continue eating. x2
You finish eating.
That royal jelly was delicious!
This spell is slightly dangerous to cast.
Memorise Ice Form, consuming 4 spell levels and leaving 5?
You start memorising the spell.
You continue memorising.
You continue memorising. x3
You finish memorising.
Spell assigned to 'b'.
You turn into a creature of crystalline ice.
You now have 66/66 hp.
You open the door. You pummel the seven-headed hydra!!
You freeze the seven-headed hydra!
The seven-headed hydra seems to slow down.
The seven-headed hydra closely misses you.
The seven-headed hydra bites you!
The seven-headed hydra bites you but does no damage. x2
The seven-headed hydra closely misses you.
The seven-headed hydra bites you! The seven-headed hydra misses you.
You take 21 damage, and have 45/66 hp.
MASSIVE DAMAGE!!
You hit the seven-headed hydra. You freeze the seven-headed hydra.
The seven-headed hydra seems to slow down.
You hit the seven-headed hydra. You freeze the seven-headed hydra.
The seven-headed hydra seems to slow down.
The seven-headed hydra bites you!
The seven-headed hydra completely misses you.
The seven-headed hydra misses you. The seven-headed hydra bites you!
The seven-headed hydra closely misses you.
The seven-headed hydra barely misses you.
The seven-headed hydra bites you!
* * * LOW HITPOINT WARNING * * *
You take 40 damage, and have 5/66 hp.
MASSIVE DAMAGE!!
Drink which item? (? for menu, Esc to quit)
You feel much better.
You regained 24 hp, and now have 29/66 hp.
Drink which item? (? for menu, Esc to quit)
You feel much better. The seven-headed hydra bites you!
The seven-headed hydra bites you!
The seven-headed hydra closely misses you.
The seven-headed hydra bites you.
The seven-headed hydra closely misses you.
The seven-headed hydra bites you!
* * * LOW HITPOINT WARNING * * *
The seven-headed hydra closely misses you.
You take 19 damage, and have 10/66 hp.
MASSIVE DAMAGE!!
Drink which item? (? for menu, Esc to quit)
You feel much better.
You regained 23 hp, and now have 33/66 hp.
Drink which item? (? for menu, Esc to quit)
You feel yourself speed up. The seven-headed hydra bites you!
The seven-headed hydra bites you!
* * * LOW HITPOINT WARNING * * *
The seven-headed hydra bites you!
You die...

▓▓▓▓▓▓▓
▓...▓<▓
▓.▓.▓.▓
▓.▓.▓.▓
▓.▓.▓.▓
▓.▓.▓(▓
▓.▓.▓)▓
▓Y▓.▓)▓
▓D▓.▓.▓
▓D▓.▓.▓
▓t▓.▓.▓
▓H▓.▓.▓
▓.▓.▓'▓
▓.▓.▓.▓
▓?▓.▓.▓
▓)▓.▓.▓


You could see 2 seven-headed hydras, a hippogriff and a crocodile.

Vanquished Creatures
  2 hill giants (D)
  A troll (D)
  A basilisk (D)
  A hungry ghost (D)
  An ice beast (D)
  A scorpion (D)
  An iguana (D)
  A worker ant (D)
  An adder (D)
  An adder skeleton (D)
  A giant gecko (D)
  A hobgoblin (D)
  A jackal (D)
  2 kobolds (D)
  3 rats (D)
19 creatures vanquished.

Vanquished Creatures (collateral kills)
  An ogre (D)
  An adder skeleton (D)
  A jackal skeleton (D)
3 creatures vanquished.

Grand Total: 22 creatures vanquished

Notes
Turn   | Place    | Note
--------------------------------------------------------------
     0 | D        | esc the Octopode Transmuter began the quest for the Orb.
     0 | D        | Reached XP level 1. HP: 13/13 MP: 3/3
    14 | D        | Reached skill level 3 in Transmutations
   113 | D        | Noticed a worker ant
   119 | D        | Reached skill level 4 in Unarmed Combat
   119 | D        | Reached XP level 2. HP: 11/18 MP: 3/5
   123 | D        | Reached skill level 4 in Transmutations
   129 | D        | Killed a worker ant
   129 | D        | Reached skill level 5 in Unarmed Combat
   129 | D        | Reached skill level 5 in Transmutations
   129 | D        | Reached XP level 3. HP: 6/23 MP: 4/6
   136 | D        | Found a glowing silver altar of Zin.
   136 | D        | Found a glowing golden altar of the Shining One.
   136 | D        | Found an ancient bone altar of Kikubaaqudgha.
   136 | D        | Found a basalt altar of Yredelemnul.
   136 | D        | Found a shimmering altar of Xom.
   136 | D        | Found a radiant altar of Vehumet.
   140 | D        | Learned a level 2 spell: Sticks to Snakes
   140 | D        | Found an iron altar of Okawaru.
   141 | D        | Found a burning altar of Makhleb.
   142 | D        | Found a deep blue altar of Sif Muna.
   143 | D        | Found a bloodstained altar of Trog.
   144 | D        | Found a sparkling altar of Nemelex Xobeh.
   145 | D        | Found a white marble altar of Elyvilon.
   146 | D        | Found a roughly hewn altar of Beogh.
   147 | D        | Found a viscous altar of Jiyva.
   148 | D        | Found a corrupted altar of Lugonu.
   149 | D        | Found a blossoming altar of Fedhas.
   150 | D        | Found a snail-covered altar of Cheibriados.
   151 | D        | Found a shadowy altar of Dithmenos.
   152 | D        | Found a stormy altar of Qazlal.
   153 | D        | Found an opulent altar of Gozag.
   154 | D        | Found a sacrificial altar of Ru.
   165 | D        | Became a worshipper of Makhleb the Destroyer
   365 | D        | Noticed a hill giant
   365 | D        | Noticed a hungry ghost
   365 | D        | Noticed an ogre
   376 | D        | Killed a hill giant
   376 | D        | Acquired Makhleb's first power
   376 | D        | Reached skill level 10 in Unarmed Combat
   376 | D        | Reached skill level 10 in Transmutations
   376 | D        | Reached XP level 4. HP: 28/28 MP: 3/7
   376 | D        | Reached XP level 5. HP: 33/33 MP: 3/8
   376 | D        | Reached XP level 6. HP: 38/38 MP: 3/9
   376 | D        | Reached XP level 7. HP: 43/43 MP: 3/10
   390 | D        | Killed a hungry ghost
   390 | D        | Reached skill level 11 in Unarmed Combat
   390 | D        | Reached skill level 11 in Transmutations
   407 | D        | Acquired Makhleb's second power
   417 | D        | Killed an ogre
   439 | D        | Learned a level 5 spell: Blade Hands
   561 | D        | Noticed an iguana
   561 | D        | Noticed a scorpion
   561 | D        | Noticed a troll
   561 | D        | Noticed an ice beast
   561 | D        | Noticed a hill giant
   561 | D        | Noticed a basilisk
   564 | D        | Killed an iguana
   566 | D        | Killed a scorpion
   566 | D        | Reached skill level 1 in Staves
   566 | D        | Reached skill level 1 in Invocations
   572 | D        | Killed a troll
   572 | D        | Acquired Makhleb's third power
   572 | D        | Reached skill level 3 in Fighting
   572 | D        | Reached skill level 2 in Staves
   572 | D        | Reached skill level 3 in Dodging
   572 | D        | Reached skill level 3 in Spellcasting
   572 | D        | Reached skill level 3 in Invocations
   572 | D        | Reached XP level 8. HP: 19/52 MP: 6/13
   578 | D        | Killed a hill giant
   578 | D        | Reached skill level 4 in Fighting
   578 | D        | Reached skill level 4 in Staves
   578 | D        | Reached skill level 4 in Dodging
   578 | D        | Reached skill level 4 in Spellcasting
   578 | D        | Reached skill level 4 in Invocations
   707 | D        | Killed an ice beast
   707 | D        | Reached skill level 5 in Dodging
   707 | D        | Reached skill level 5 in Invocations
   720 | D        | Killed a basilisk
   720 | D        | Acquired Makhleb's fourth power
   720 | D        | Reached skill level 5 in Fighting
   720 | D        | Reached skill level 5 in Spellcasting
   842 | D        | Noticed a crocodile
   842 | D        | Noticed a hippogriff
   842 | D        | Noticed a seven-headed hydra
   842 | D        | Noticed a giant frog
   842 | D        | Noticed a seven-headed hydra
   842 | D        | Noticed a komodo dragon
   869 | D        | Learned a level 4 spell: Ice Form
   876 | D        | HP: 5/66 [seven-headed hydra (15)]
   880 | D        | Slain by a seven-headed hydra

Vault maps used:
D:        linesprint

Action                   |  1- 3 |  4- 6 |  7- 9 || total
-------------------------+-------+-------+-------++-------
Melee: Unarmed           |    22 |       |    34 ||    56
 Cast: Beastly Appendage |     3 |       |     1 ||     4
       Sticks to Snakes  |     1 |       |     5 ||     6
       Blade Hands       |       |       |     2 ||     2
       Ice Form          |       |       |     1 ||     1
Evoke: Wand              |     4 |       |       ||     4
  Use: Potion            |       |       |     5 ||     5
 Stab: Sleeping          |     1 |       |       ||     1
       Invisible         |       |       |     1 ||     1
  Eat: Bread ration      |       |       |     1 ||     1
       Royal jelly       |       |       |     1 ||     1

Vault maps used:
D:        linesprint

Table legend:
 A = Turns spent in this place as a percentage of turns spent in the entire game.
 B = Non-inter-level travel turns spent in this place as a percentage of non-inter-level travel turns spent in the entire game.
 C = Inter-level travel turns spent in this place as a percentage of turns spent in this place.
 D = Turns resting spent in this place as a percentage of non-inter-level travel turns spent in this place.
 E = Turns spent auto-exploring this place as a percentage of non-inter-level travel turns spent in this place.
 F = Non-inter-level travel turns spent in this place divided by the number of levels of this place that you've seen.
                   A       B       C       D       E      F
               +-------+-------+-------+-------+-------+----------------------
         Total | 100.0 | 100.0 |   0.0 |   2.9 |   0.3 | 350.0
       Dungeon | 100.0 | 100.0 |   0.0 |   2.9 |   0.3 | 350.0
               +-------+-------+-------+-------+-------+----------------------

Table legend:
 A = Kills in this place as a percentage of kills in entire the game.
 B = Kills by you in this place as a percentage of kills by you in the entire game.
 C = Kills by friends in this place as a percentage of kills by friends in the entire game.
 D = Other kills in this place as a percentage of other kills in the entire game.
 E = Experience gained in this place as a percentage of experience gained in the entire game.
 F = Experience gained in this place divided by the number of levels of this place that you have seen.
                   A       B       C       D       E      F
               +-------+-------+-------+-------+-------+----------------------
         Total | 100.0 | 100.0 | 100.0 |  -nan | 100.0 | 2244.0
       Dungeon | 100.0 | 100.0 | 100.0 |  -nan | 100.0 | 2244.0
               +-------+-------+-------+-------+-------+----------------------
